 Dungeon Sprint DCSS version 0.30-a0-772-g5528072125 (webtiles) character file.

Game seed: 5116434206793586058

7560 rocky1 the Unseen (level 11, -6/117 HPs)
             Began as a Naga Brigand on Feb 13, 2023.
             Was an Initiate of Gozag.
             Mangled by a catoblepas (8 damage)
             ... while petrified by a catoblepas
             ... in the Dungeon (Sprint IX: "|||||||||||||||||||||||||||||").
             The game lasted 00:08:59 (3174 turns).

rocky1 the Unseen (Naga Brigand)                    Turns: 3174, Time: 00:09:00

Health: -6/117     AC:  6    Str: 17    XL:     11   Next: 17%
Magic:  11/11      EV:  1    Int: 14    God:    Gozag
Gold:   1274       SH:  0    Dex: 17    Spells: 10/10 levels left

rFire   . . .      SeeInvis +    b - +2 scimitar (flame)
rCold   . . .      Faith    .    (no shield)
rNeg    + + +      Spirit   .    s - +0 robe
rPois   ∞          Reflect  .    (no helmet)
rElec   .          Harm     .    c - +0 cloak
rCorr   .          Rampage  .    q - +0 pair of gloves
Will    +....      NoTele   +    (no barding)
Stlth   ++++++++                 (no amulet)
HPRegen 0.39/turn                o - +3 ring of intelligence
MPRegen 0.12/turn                p - +3 ring of strength

@: petrified, very slow
A: AC +3, large, see invisible, deformed body, poison resistance, slowness 2,
spit poison 1, naga tail 1
a: Spit Poison, Renounce Religion, Potion Petition, Call Merchant, Bribe Branch


You were in the Dungeon.
You worshipped Gozag.
Gozag was most pleased with you.
You visited 1 branch You collected 3318 gold pieces.
You spent 144 gold pieces at shops.
You paid 1900 gold pieces to Gozag.

Inventory:

Hand Weapons
 a - a +2 rapier of venom
 b - a +2 scimitar of flaming (weapon)
Missiles
 d - 9 poisoned darts (quivered)
 e - 3 curare-tipped darts
Armour
 c - a +0 cloak (worn)
 q - a +0 pair of gloves (worn)
 s - a +0 robe (worn)
Jewellery
 o - a +3 ring of intelligence (left hand)
 p - a +3 ring of strength (right hand)
Wands
 g - a wand of digging (6)
 n - a wand of roots (10)
Scrolls
 m - 2 scrolls of amnesia
 v - a scroll of butterflies
 w - 2 scrolls of fog
 x - 2 scrolls of enchant armour
 y - a scroll of fear
Potions
 f - 4 potions of curing
 i - 4 potions of magic
 t - a potion of resistance
 u - a potion of mutation


   Skills:
 - Level 13.5 Fighting
 - Level 14.1(15.3) Short Blades
 + Level 9.6(13.1) Long Blades
 - Level 1.7 Throwing
 - Level 7.9 Dodging
 - Level 20.4 Stealth


You had 10 spell levels left.
You didn't know any spells.
Your spell library was empty.

Dungeon Overview and Level Annotations

Branches:
Dungeon (1/1)

Altars:
Cheibriados
Dithmenos
Elyvilon
Fedhas
Gozag
Hepliaklqana
Kikubaaqudgha
Makhleb
Nemelex Xobeh
Okawaru
Qazlal
Ru
Sif Muna
Trog
Uskayaw
Vehumet
Wu Jian
Xom
Yredelemnul
Zin
The Shining One
Jiyva
Lugonu

Shops:
D *


Innate Abilities, Weirdness & Mutations

Your serpentine skin is tough. (AC +3)
You have supernaturally acute eyesight. (SInv)
Armour fits poorly on your strangely shaped body.
Your system is resistant to poisons. (rPois)
You cover ground very slowly.
You can spit poison.
You have a snake-like lower body.


Message History

The catoblepas is heavily wounded.
You are engulfed in calcifying dust.
The catoblepas gores you.
* * * LOW HITPOINT WARNING * * *
Aiming: Fastroot
Press: ? - help, Shift-Dir - straight line, f - catoblepas
Aim: a catoblepas
Okay, then.
You slash the catoblepas! You burn the catoblepas.
The catoblepas is severely wounded.
You are engulfed in calcifying dust.
You are slowing down.
The catoblepas breathes a plume of calcifying dust at you.
The blast of calcifying dust hits the catoblepas but does no damage.
The blast of calcifying dust hits you.
* * * LOW HITPOINT WARNING * * *
The catoblepas gores you!!
* * * LOW HITPOINT WARNING * * *
Unknown command.
Unknown command.
Unknown command.
Unknown command.
You hit the catoblepas but do no damage.
The catoblepas is severely wounded.
The catoblepas breathes a plume of calcifying dust at you.
The blast of calcifying dust hits you but does no damage.
Your limbs are stiffening.
You slash the catoblepas! You burn the catoblepas.
The catoblepas is severely wounded.
You are engulfed in calcifying dust.
Your limbs have turned to stone.
The catoblepas breathes a plume of calcifying dust at you.
The blast of calcifying dust hits the catoblepas but does no damage.
The blast of calcifying dust hits you.
* * * LOW HITPOINT WARNING * * *
The catoblepas gores you but does no damage.
You have turned to stone.
You are engulfed in calcifying dust.
The yak snorts and paws the ground.
The catoblepas gores you!
You die...
Your body crumbles into a pile of gold.

▓▓▓▓▓▓▓▓▓▓▓▓▓▓▓▓▓▓▓▓▓▓▓▓▓▓▓▓▓▓▓▓▓
.....'..[[..)..'_________________
▓▓▓▓▓▓▓▓▓▓▓▓▓▓▓▓▓▓▓▓▓▓▓▓▓▓▓▓▓▓▓▓▓
.................................
▓▓▓▓▓▓▓▓▓▓▓▓▓▓▓▓▓▓▓▓▓▓▓▓▓▓▓▓▓▓▓▓▓
$ $ $$ YYYYYYYY@§§§.§...'∩.)....
▓▓▓▓▓▓▓▓▓▓▓▓▓▓▓▓▓▓▓▓▓▓▓▓▓


$$$$ $ $ $ $$$$$ $$$$$$$$$$$$ $$$ You could see 4 catoblepae and 3 yaks.

Vanquished Creatures
  A hydra (D)
  A two-headed ogre (D)
  A boulder beetle (D)
  A death yak (D)
  A lindwurm (D)
  An ugly thing (D)
  An elephant (D)
  A torpor snail (D)
  A rime drake (D)
  3 cane toads (D)
  3 komodo dragons (D)
  A meliai (D)
  A blink frog (D)
  A wyvern (D)
  4 yaks (D)
  A golden eye (shapeshifter) (D)
  2 water moccasins (D)
  A black bear (D)
  A centaur (D)
  A bullfrog (D)
  A killer bee (D)
  A howler monkey (D)
  A hound (D)
  An orc priest (D)
  An orc wizard (D)
  An adder (D)
  An orc (D)
  2 bats (D)
  2 hobgoblins (D)
  A kobold (D)
40 creatures vanquished.

Notes
Turn   | Place    | Note
-------+----------+-------------------------------------------
     0 | D        | rocky1 the Naga Brigand began the quest for the Orb.
     0 | D        | Reached XP level 1. HP: 19/19 MP: 1/1
     8 | D        | Reached skill level 1 in Dodging
     8 | D        | Reached skill level 6 in Stealth
   268 | D        | Noticed an orc priest
   268 | D        | Noticed a black bear
   268 | D        | Noticed a hound
   277 | D        | Killed a hound
   278 | D        | Reached skill level 8 in Stealth
   278 | D        | Reached XP level 2. HP: 18/28 MP: 2/2
   278 | D        | Reached XP level 3. HP: 22/34 MP: 3/3
   282 | D        | Killed a black bear
   283 | D        | Reached skill level 5 in Short Blades
   283 | D        | Reached skill level 10 in Stealth
   283 | D        | Reached XP level 4. HP: 20/45 MP: 4/4
   283 | D        | Reached XP level 5. HP: 23/51 MP: 5/5
   295 | D        | Reached skill level 11 in Stealth
   816 | D        | Found a snail-covered altar of Cheibriados.
   816 | D        | Found a shadowy altar of Dithmenos.
   816 | D        | Found a white marble altar of Elyvilon.
   816 | D        | Found a blossoming altar of Fedhas.
   816 | D        | Found an opulent altar of Gozag.
   817 | D        | Found a hazy altar of Hepliaklqana.
   818 | D        | Found a viscous altar of Jiyva.
   819 | D        | Found an ancient bone altar of Kikubaaqudgha.
   820 | D        | Found a corrupted altar of Lugonu.
   821 | D        | Found a burning altar of Makhleb.
   822 | D        | Found a sparkling altar of Nemelex Xobeh.
   823 | D        | Found an iron altar of Okawaru.
   824 | D        | Became a worshipper of Gozag Ym Sagoz the Greedy
   825 | D        | Found a stormy altar of Qazlal.
   826 | D        | Found a sacrificial altar of Ru.
   827 | D        | Found a shimmering blue altar of Sif Muna.
   828 | D        | Found a bloodstained altar of Trog.
   829 | D        | Found a hide-covered altar of Uskayaw.
   830 | D        | Found a radiant altar of Vehumet.
   831 | D        | Found an ornate altar of the Wu Jian Council.
   832 | D        | Found a shimmering altar of Xom.
   833 | D        | Found a basalt altar of Yredelemnul.
   834 | D        | Found a glowing silver altar of Zin.
   835 | D        | Found a glowing golden altar of the Shining One.
   881 | D        | Noticed a centaur
   881 | D        | Noticed a yak
   881 | D        | Noticed a yak
   881 | D        | Noticed a wyvern
   883 | D        | Killed a wyvern
   884 | D        | Reached skill level 5 in Fighting
   884 | D        | Reached skill level 12 in Stealth
   884 | D        | Reached XP level 6. HP: 61/61 MP: 6/6
   886 | D        | Reached skill level 13 in Stealth
   887 | D        | Killed a yak
   888 | D        | Reached skill level 14 in Stealth
   888 | D        | Reached XP level 7. HP: 70/70 MP: 7/7
   894 | D        | Killed a yak
   895 | D        | Reached skill level 5 in Dodging
   898 | D        | Reached skill level 15 in Stealth
  1031 | D        | Noticed a raiju
  1031 | D        | Noticed a two-headed ogre
  1031 | D        | Noticed a meliai
  1031 | D        | Noticed a boulder beetle
  1031 | D        | Noticed a red ugly thing
  1033 | D        | Killed a red ugly thing
  1034 | D        | Reached skill level 10 in Short Blades
  1034 | D        | Reached skill level 16 in Stealth
  1034 | D        | Reached XP level 8. HP: 81/81 MP: 8/8
  1037 | D        | Killed a boulder beetle
  1037 | D        | a raiju changed into a golden eye
  1038 | D        | Reached skill level 18 in Stealth
  1038 | D        | Reached XP level 9. HP: 90/90 MP: 9/9
  1039 | D        | Killed a meliai
  1045 | D        | Killed a two-headed ogre
  1046 | D        | Reached skill level 19 in Stealth
  1520 | D        | Noticed a cane toad
  1520 | D        | Noticed a komodo dragon
  1521 | D        | Noticed a komodo dragon
  1530 | D        | Killed a komodo dragon
  1534 | D        | Noticed a rime drake
  1538 | D        | Noticed a cane toad
  1548 | D        | Reached skill level 20 in Stealth
  1566 | D        | Killed a cane toad
  1567 | D        | Reached XP level 10. HP: 27/100 MP: 10/10
  1578 | D        | Reached skill level 1 in Long Blades
  1588 | D        | Reached skill level 10 in Fighting
  1590 | D        | HP: 2/102 [rime drake/icy flash freeze (18)]
  1596 | D        | HP: 4/103 [cane toad (23)]
  1608 | D        | Killed a cane toad
  2191 | D        | Bought a sharpened gold wand for 144 gold pieces
  2191 | D        | Noticed a death yak
  2191 | D        | Noticed a torpor snail
  2191 | D        | Noticed an elephant
  2191 | D        | Noticed a lindwurm
  2192 | D        | Noticed a cane toad
  2194 | D        | Reached skill level 5 in Long Blades
  2194 | D        | Noticed a seven-headed hydra
  2195 | D        | Killed a lindwurm
  2207 | D        | Killed an elephant
  2490 | D        | Killed a torpor snail
  2552 | D        | Killed a death yak
  2555 | D        | Killed a four-headed hydra
  2556 | D        | Reached XP level 11. HP: 23/117 MP: 11/11
  3153 | D        | Noticed a catoblepas
  3153 | D        | Noticed a catoblepas
  3153 | D        | Noticed a catoblepas
  3153 | D        | Noticed a catoblepas
  3171 | D        | HP: 4/117 [catoblepas (16)]
  3173 | D        | HP: 1/117 [catoblepas/blast of calcifying dust (4)]
  3174 | D        | Mangled by a catoblepas

Illustrated notes

Levels and vault maps discovered:
D:        linesprint [early_d, line_temple, items_1, d_10, items_2, lair_1,
          lair_end, items_3, orc_1, orc_end, items_4, d_15, swamp_1, shoals_1,
          snake_1, spider_1, d_20, vaults_1, items_5, swamp_end, shoals_end,
          snake_end, spider_end, vaults_end, d_27, items_6, zot_1, zot_end,
          crypt_end, forest_end, elf_end, slime_end, tomb_end, abyss_end,
          pan_hell_end]

Skill      XL: |  1  2  3  4  5  6  7  8  9 10 |
---------------+-------------------------------+-----
Dodging        | 2 3 4 6 7 |  7.9
Stealth        | 8 10 12 14 16 18 20 | 20.4
Fighting       | 3 4 5 6 7 8 9 13 | 13.5
Short Blades   | 4 5 7 8 10 11 13 14 | 14.1
Long Blades    | 9 |  9.6
Throwing       | |  1.7

Action                     |  1- 3 |  4- 6 |  7- 9 | 10-12 || total
---------------------------+-------+-------+-------+-------++-------
  Melee: Dagger            |    29 |    11 |       |       ||    40
         Rapier            |       |     3 |    60 |    11 ||    74
         Punch             |       |       |     2 |     2 ||     4
         Scimitar          |       |       |       |    76 ||    76
 Invoke: Potion Petition   |       |       |       |     4 ||     4
         Call Merchant     |       |       |       |     1 ||     1
Ability: Spit Poison       |     2 |       |     2 |     2 ||     6
    Use: Potion            |     1 |       |     5 |     5 ||    11
         Scroll            |       |       |     1 |     3 ||     4
   Stab: Sleeping          |       |     3 |     3 |     2 ||     8
         Invisible         |       |       |     4 |       ||     4
         Distracted        |       |       |       |     1 ||     1
 Armour: Robe              |     6 |     3 |    10 |    17 ||    36
  Dodge: Dodged            |    11 |     1 |    28 |    31 ||    71

Table legend: (Time is in decaauts)
 A = Elapsed time spent in this place.
 B = Non-inter-level travel time spent in this place.
 C = Inter-level travel time spent in this place.
 D = Time resting spent in this place.
 E = Time spent auto-exploring this place.
 F = Levels seen in this place.
 G = Mean time per level.
                   A        B        C        D        E       F      G
               +--------+--------+--------+--------+--------+-----+--------+
         Total |   3252 |   3252 |      0 |   2518 |      0 |   1 | 3252.0 |
       Dungeon |   3252 |   3252 |      0 |   2518 |      0 |   1 | 3252.0 |
               +--------+--------+--------+--------+--------+-----+--------+

Top non-repeatable levels by time:
       D: 3252 daAuts
